 Dungeon Crawl Stone Soup version 0.19-a0-1326-gee3fcf6 (webtiles) character file.

411 TheGoonsmith the Cutter (level 6, -2/32 HPs)
             Began as a Vine Stalker Enchanter on Aug 31, 2016.
             Killed from afar by a white imp (6 damage)
             ... with a puff of frost
             ... summoned by Natasha
             ... on level 3 of the Dungeon.
             The game lasted 00:06:27 (3456 turns).

TheGoonsmith the Cutter (Vine Stalker Enchanter)    Turns: 3456, Time: 00:06:27

Health: -2/32      AC:  5    Str: 10    XL:     6   Next: 90%
Magic:  0/10       EV: 12    Int: 15    God:
Gold:   145        SH:  0    Dex: 17    Spells: 2 memorised, 3 levels left

rFire  . . .     SeeInvis .     a - +1 dagger
rCold  . . .     Gourm    .     b - +2 robe
rNeg   . . .     Faith    .     (no shield)
rPois  .         Spirit   +     (no helmet)
rElec  .         Dismiss  .     i - +0 cloak
rCorr  .         Reflect  .     (no gloves)
MR     .....     Harm     .     (no boots)
Stlth  +++.......               (no amulet)
                                (no ring)
                                (no ring)

@: lethally poisoned (-2 -> -2)
A: fangs 2, regeneration 1, magic shield, antimagic bite, no device heal 3, rot
immunity
a: no special abilities


You were on level 3 of the Dungeon.
You were hungry.

You visited 1 branch of the dungeon, and saw 4 of its levels.

You collected 145 gold pieces.

Inventory:

Hand Weapons
 a - a +1 dagger (weapon)
Missiles
 h - a throwing net (quivered)
Armour
 b - a +2 robe (worn)
 i - a +0 cloak (worn)
Jewellery
 f - an uncursed amulet of dismissal
 g - an uncursed amulet of rage {unknown}
Wands
 w - a wand of polymorph (5/24)
Scrolls
 e - a scroll of magic mapping {unknown}
 k - a scroll of fog {unknown}
 n - 3 scrolls of recharging {unknown}
 o - 2 scrolls of teleportation {unknown}
 r - a scroll of remove curse
 s - 4 scrolls of identify {unknown}
 v - a scroll of random uselessness {unknown}
Potions
 m - a potion of lignification {unknown}
 p - a potion of resistance {unknown}
 q - a potion of brilliance {unknown}
 t - a potion of curing
 x - a potion of heal wounds {unknown}
Books
 c - a book of Maledictions

   Spells                             Type                      Level
   a - Corona                         Hexes                        1
   b - Ensorcelled Hibernation        Hexes/Ice                    2
   c - Confuse                        Hexes                        3
   d - Tukima's Dance                 Hexes                        3
   e - Dazzling Spray                 Conjuration/Hexes            3
Comestibles
 d - 3 bread rations
 j - a slice of pizza
 l - a beef jerky
 u - 2 meat rations


   Skills:
 - Level 3.2 Fighting
 - Level 5.0 Short Blades
 + Level 1.8 Dodging
 - Level 3.6 Stealth
 - Level 2.1 Spellcasting
 - Level 3.0 Hexes


You had 3 spell levels left.
You knew the following spells:

 Your Spells              Type           Power        Failure   Level  Hunger
b - Tukima's Dance        Hex            ##......     21%         3    ###....
c - Confuse               Hex            ##......     21%         3    ###....


Dungeon Overview and Level Annotations

Branches:
Dungeon (4/15)
 Temple: D:4-7

Altars:
Dithmenos
Fedhas
Xom

Annotations:
D:3 Natasha


Innate Abilities, Weirdness & Mutations

You have extremely sharp teeth.
Your natural rate of healing is unusually fast.
When hurt, damage is shared between your health and your magic reserves.
Your bite disrupts and absorbs the magic of your enemies.
Potions and wands cannot restore your health.
You are immune to rotting.


Message History

The puff of frost hits you!
* * * LOW HITPOINT WARNING * * *
Okay, then.
Okay, then.
Evoke which item? (* to show all) (? for menu, Esc to quit)
You don't have any such object.
Evoke which item? (* to show all) (? for menu, Esc to quit)
Evoke which item? (* to show all) (? for menu, Esc to quit)
Evoke which item? (* to show all) (? for menu, Esc to quit)
Okay, then.
You hit the white imp but do no damage. Your bite misses the white imp.
The white imp is lightly wounded.
You feel sick. The white imp gestures at you. The puff of frost hits you!
* * * LOW HITPOINT WARNING * * *
The crimson imp closely misses you. The white imp gestures at you.
The puff of frost hits you!
You die...

.##############..#
##.#.#####. ....# ###..#
#.#...)... ###.# #h...#
##.######.. #.# #>##5#
#.......).. #)# #.##h#
#..######[# #.# #.##5#
##..# #.. #.# #.##.#
#...#### #.) #.# #.##.#
#......# #.# #.#
#.##@#####...##.# #.# #.#
#.##.5.......##.# #.# #.#
######.###...####.##.# #.#
#.#
#..............##.##.###.#
#.#
#.####.###...#...........#
#.# #.# #.#
##.#####.##...... #.####[#
#.####.# #.########
#......# #......# #.#
######## ########
#.########


You could see Natasha, 2 crimson imps and a white imp.

Vanquished Creatures
  Sigmund (D:4)
  Crazy Yiuf (D:2)
  An orc wizard (D:3)
  Natasha (twice) (D:2)
  8 adders
  An ooze (D:3)
  A worm (D:2)
  2 dart slugs (D:3)
  A giant gecko (D:1)
  4 orcs (D:3)
  11 bats
  3 giant cockroaches
  8 goblins
  8 hobgoblins
  7 jackals
  A giant gecko skeleton (D:4)
  5 giant newts
  9 kobolds
  8 rats
82 creatures vanquished.

Notes
Turn   | Place    | Note
-------+----------+-------------------------------------------
     0 | D:1      | TheGoonsmith the Vine Stalker Enchanter began the quest for the Orb.
     0 | D:1      | Reached XP level 1. HP: 9/9 MP: 4/4
    10 | D:1      | Reached skill level 1 in Short Blades
    97 | D:1      | Reached XP level 2. HP: 12/13 MP: 6/6
   283 | D:1      | Reached skill level 2 in Short Blades
  1175 | D:2      | Reached XP level 3. HP: 13/16 MP: 7/7
  1417 | D:2      | Learned a level 3 spell: Tukima's Dance
  1421 | D:2      | Learned a level 3 spell: Confuse
  1544 | D:2      | Reached skill level 3 in Short Blades
  1836 | D:2      | Gained mutation: Your natural rate of healing is unusually fast. [Vine Stalker growth]
  1836 | D:2      | Reached XP level 4. HP: 5/21 MP: 3/8
  1904 | D:2      | Noticed Natasha
  1910 | D:2      | Killed Natasha
  2057 | D:2      | Found a runed door.
  2106 | D:2      | Noticed Natasha
  2115 | D:2      | Killed Natasha
  2115 | D:2      | Reached skill level 4 in Short Blades
  2115 | D:2      | Reached XP level 5. HP: 3/24 MP: 4/9
  2486 | D:2      | Noticed Crazy Yiuf
  2499 | D:2      | Killed Crazy Yiuf
  2667 | D:3      | Reached skill level 5 in Short Blades
  2677 | D:3      | Found a shadowy altar of Dithmenos.
  2795 | D:3      | Reached skill level 1 in Fighting
  2795 | D:3      | Reached XP level 6. HP: 30/30 MP: 10/10
  2920 | D:3      | Found a blossoming altar of Fedhas.
  2968 | D:3      | Found a shimmering altar of Xom.
  3384 | D:4      | Noticed Sigmund
  3388 | D:4      | Killed Sigmund
  3429 | D:4      | Noticed Natasha
  3456 | D:3      | Killed from afar by a white imp

Vault maps used:
D:1:      dpeg_arrival_fog
D:2:      first_bread, uniq_crazy_yiuf_cottage, uniq_natasha
D:3:      nicolae_overflow_hidden_temple, nicolae_overflow_crystal_walls,
          fedhas_altar_2
D:4:      lemuel_round_altar, enter_ossuary_4, uniq_sigmund

Skill      XL: |  1  2  3  4  5  6 |
---------------+-------------------+-----
Short Blades   | 1 2 3 4 5 |  5.0
Fighting       | 1 3 |  3.2
Dodging        | |  1.8
Stealth        | |  3.6
Spellcasting   | |  2.1
Hexes          | |  3.0

Action                   |  1- 3 |  4- 6 || total
-------------------------+-------+-------++-------
Melee: Dagger            |   157 |   202 ||   359
       Bite              |    24 |    48 ||    72
 Cast: Tukima's Dance    |       |     1 ||     1
  Use: Scroll            |     4 |       ||     4
       Potion            |     4 |       ||     4
 Stab: Sleeping          |     6 |    10 ||    16
       Paralysed         |       |     1 ||     1
  Eat: Chunk             |     2 |     6 ||     8
Armor: Robe              |    47 |    61 ||   108
Dodge: Dodged            |    95 |   103 ||   198
